 Dungeon Crawl Stone Soup version 0.19-a0-854-gc78d25d (webtiles) character file.

7394 Implojin the Severer (level 10, 95/95 HPs)
             Began as a Minotaur Fighter on July 1, 2016.
             Was a Priest of Okawaru.
             Quit the game on level 10 of the Dungeon on July 2, 2016.
             The game lasted 00:30:55 (4912 turns).

Implojin the Severer (Minotaur Fighter)             Turns: 4912, Time: 00:30:55

Health: 95/95      AC: 13    Str: 20    XL:     10   Next: 92%
Magic:  9/9        EV: 12    Int:  5    God:    Okawaru [***...]
Gold:   145        SH:  0    Dex: 14    Spells: 0 memorised, 9 levels left

rFire  . . .     SeeInvis .     E - +3 battleaxe
rCold  . . .     Gourm    .     y - +0 plate armour
rNeg   . . .     Faith    .     (shield currently unavailable)
rPois  .         Spirit   +     (helmet restricted)
rElec  +         Dismiss  .     (no cloak)
rCorr  .         Reflect  .     F - +0 pair of gloves
SustAt .         Harm     .     k - +0 pair of boots
MR     .....                    o - amulet of guardian spirit
Stlth  ..........               w - +4 ring of evasion
                                m - +2 ring of evasion

@: not resistant to hostile enchantments, extremely unstealthy
A: retaliatory headbutt, horns 2, electricity resistance, wild magic 1
a: Heroism, Renounce Religion


You were on level 10 of the Dungeon.
You worshipped Okawaru.
Okawaru was most pleased with you.
You were not hungry.

You visited 2 branches of the dungeon, and saw 13 of its levels.

You collected 145 gold pieces.

Inventory:

Hand Weapons
 a - a +1 war axe
 g - a +0 battleaxe
 x - a +3 war axe
 E - a +3 battleaxe (weapon)
Missiles
 i - 2 javelins (quivered)
 P - 2 poisoned javelins
Armour
 b - a +0 scale mail
 c - a +0 shield
 k - a +0 pair of boots (worn)
 q - a +0 chain mail
 v - a +2 leather armour of magic resistance
 y - a +0 plate armour (worn)
 D - a steam dragon hide
 F - a +0 pair of gloves (worn)
Jewellery
 e - an uncursed amulet of magic regeneration {unknown}
 m - a +2 ring of evasion (left hand)
 o - an amulet of guardian spirit (around neck)
 w - a +4 ring of evasion (right hand)
 B - an uncursed ring of see invisible
 R - an uncursed ring of protection from magic {unknown}
 S - an uncursed amulet of regeneration {unknown}
Wands
 h - a wand of lightning (13/15)
 t - a wand of flame (43/48)
 A - a wand of confusion (25/48)
 I - a wand of acid (8/15)
Scrolls
 j - 4 scrolls of immolation
 s - a scroll of blinking
 z - 2 scrolls of teleportation
 K - 2 scrolls of remove curse
 M - 2 scrolls of recharging
Potions
 d - 3 potions of curing
 l - 2 potions of flight
 n - 2 potions of degeneration
 p - 3 potions of cure mutation
 u - a potion of magic
 C - a potion of ambrosia
 H - a potion of might
 J - a potion of heal wounds
 L - a potion of agility
 N - a potion of cancellation {unknown}
 O - a potion of mutation {unknown}
Comestibles
 f - 6 bread rations
 r - a royal jelly
 G - 3 meat rations
 Q - 7 slices of pizza


   Skills:
 * Level 11.0 Fighting
 - Level 16.1 Axes
 - Level 3.6 Armour
 - Level 3.6 Shields


You had 9 spell levels left.
You didn't know any spells.

Dungeon Overview and Level Annotations

Branches:
Dungeon (12/15)            Temple (1/1) D:4
   Lair: D:8-11         Orc: D:9-12

Altars:
Ashenzari
Dithmenos
Fedhas
Hepliaklqana
Makhleb
Nemelex Xobeh
Okawaru
Pakellas
Qazlal
Ru
Sif Muna
Vehumet
Zin
The Shining One

Shops:
D:4 (   D:8 %   D:9 (

Annotations:
D:4 cojito's ghost, amateur OpIE
D:11 Sonja


Innate Abilities, Weirdness & Mutations

You reflexively headbutt those who attack you in melee.
You have a pair of horns on your head.
You are resistant to electric shocks. (rElec)
Your spells are a little harder to cast, but a little more powerful.


Message History

You see here a beef jerky.
You open the door.
There is an open door here.
A gargoyle comes into view. It is wielding a flail.
You gain the combat prowess of a mighty hero.
Unknown command.
You slash the gargoyle!
You headbutt the gargoyle, but do no damage.
The gargoyle is heavily damaged.
The gargoyle hurls a stone arrow at you.
The stone arrow hits you!
You hit the gargoyle.
The gargoyle is heavily damaged.
The gargoyle closely misses you.
You slash the gargoyle!
The gargoyle is almost destroyed.
You hit the gargoyle but do no damage. You headbutt the gargoyle.
You destroy the gargoyle!
Your base Fighting skill increases to level 11!
You see here a flail.
You feel like a meek peon again.
Found 19 gold pieces.
You see here a flail.
As you open the door, it creaks loudly!
There is an open door here.
Unknown command.
Press: ? - help, v - describe, . - travel The floor.
Unknown command.
Press: ? - help, v - describe, . - travel The floor.
Unknown command.
Unknown command.
Press: ? - help, v - describe, . - travel The floor.
Press: ? - help, v - describe, . - travel The floor.
Enter note: :yeah
Enter note: Are you sure you want to abandon this character and quit the game? (Confirm with "yes".)

#........#........#...##
#........#######..'...#.
#......(.....$.#..######
#.....$........#..##..##
#..............#......##
#..........(.(.'......##
#...........((.#####..##
#..............#..##..##
#......@.......#........
#..............#........
#..............#..##..##
#..............# #'###
#..............##+##..#.
#..................#..#.
#..................#'###
#$......................
#...<...................


There were no monsters in sight!

Vanquished Creatures
  A centaur zombie (D:10)
  A gargoyle (D:10)
  2 wraiths
  A human (D:9)
  6 yaks (D:9)
  2 hungry ghosts
  A steam dragon (D:10)
  3 sky beasts
  6 orc warriors
  3 ice beasts
  3 ogres
  2 phantoms
  4 centaurs
  A crocodile (D:11)
  4 giant frogs
  A water moccasin zombie (D:5)
  3 scorpions
  19 killer bees
  7 wights
  A howler monkey (D:5)
  8 crimson imps
  2 hounds
  2 centaur skeletons
  8 orc priests
  2 giant frog skeletons
  4 jellies
  7 orc wizards
  4 worker ants
  4 sheep (D:9)
  A worker ant zombie (D:7)
  2 gnolls (D:5)
  6 adders
  An adder skeleton (D:6)
  A worm (D:2)
  A dart slug (D:4)
  2 giant geckos
  25 orcs
  3 giant cockroaches
  A hobgoblin (D:3)
  8 jackals
  A quokka (D:8)
  2 bats (D:3)
  5 giant newts
  A kobold (D:3)
172 creatures vanquished.

Notes
Turn   | Place    | Note
-------+----------+-------------------------------------------
     0 | D:1      | Implojin the Minotaur Fighter began the quest for the Orb.
     0 | D:1      | Reached XP level 1. HP: 19/19 MP: 0/0
    29 | D:1      | You fall through a shaft!
    51 | D:3      | Reached skill level 3 in Axes
    51 | D:3      | Reached XP level 2. HP: 20/26 MP: 1/1
   204 | D:3      | Reached skill level 4 in Axes
   225 | D:3      | Reached XP level 3. HP: 29/31 MP: 2/2
   232 | D:3      | Found a deep blue altar of Sif Muna.
   279 | D:4      | You fall through a shaft for 2 floors!
   291 | D:6      | Noticed a giant frog
   295 | D:6      | Killed a giant frog
   295 | D:6      | Reached skill level 5 in Axes
   295 | D:6      | Reached XP level 4. HP: 31/39 MP: 3/3
   310 | D:6      | Found a shadowy altar of Dithmenos.
   314 | D:6      | Found a blossoming altar of Fedhas.
   346 | D:7      | Noticed a hungry ghost
   384 | D:7      | Killed a hungry ghost
   384 | D:7      | Reached skill level 7 in Axes
   384 | D:7      | Reached XP level 5. HP: 41/45 MP: 4/4
   398 | D:7      | Noticed an ogre
   404 | D:7      | Killed an ogre
   404 | D:7      | Reached skill level 8 in Axes
   404 | D:7      | Reached XP level 6. HP: 26/51 MP: 5/5
   432 | D:7      | Noticed an ice beast
   437 | D:7      | Killed an ice beast
   446 | D:7      | Reached skill level 9 in Axes
   446 | D:7      | Reached XP level 7. HP: 28/57 MP: 6/6
   628 | D:7      | Reached skill level 10 in Axes
   753 | D:7      | Reached skill level 11 in Axes
   778 | D:7      | Gained mutation: You are resistant to electric shocks. (rElec) [potion of beneficial mutation]
   782 | D:7      | Reached XP level 8. HP: 27/64 MP: 4/7
   980 | D:6      | Found a shattered altar of Ashenzari.
   987 | D:6      | Reached skill level 12 in Axes
  1040 | D:6      | Found a glowing silver altar of Zin.
  1065 | D:5      | Entered Level 5 of the Dungeon
  1091 | D:6      | Reached skill level 13 in Axes
  1317 | D:6      | Gained mutation: Your spells are a little harder to cast, but a little more powerful. [potion of beneficial mutation]
  1402 | D:5      | Reached XP level 9. HP: 48/70 MP: 8/8
  1512 | D:4      | Found a burning altar of Makhleb.
  1772 | D:4      | Noticed cojito's ghost (amateur OpIE)
  1789 | D:5      | Reached skill level 14 in Axes
  2441 | D:4      | Found a glowing golden altar of the Shining One.
  2518 | D:4      | :welp
  2793 | D:4      | Found Engyeceb's Weapon Emporium.
  2795 | D:4      | Found a staircase to the Ecumenical Temple.
  2808 | D:4      | :2808
  2808 | D:4      | asdfghjkl
  2808 | D:4      | :dont think this is even worth playing at this point but
  2809 | Temple   | Entered the Ecumenical Temple
  2818 | Temple   | Became a worshipper of Warmaster Okawaru
  2984 | D:9      | Found a stormy altar of Qazlal.
  3022 | D:9      | Reached skill level 15 in Axes
  3045 | D:10     | Entered Level 10 of the Dungeon
  3066 | D:9      | Found Bewol's Antique Weapon Emporium.
  3122 | D:10     | Reached skill level 4 in Fighting
  3148 | D:9      | Reached skill level 5 in Fighting
  3172 | D:10     | Reached * piety under Okawaru
  3172 | D:10     | Reached skill level 6 in Fighting
  3248 | D:11     | Noticed Sonja
  3363 | D:10     | Reached skill level 7 in Fighting
  3363 | D:10     | Reached XP level 10. HP: 40/86 MP: 6/9
  3474 | D:11     | Reached skill level 8 in Fighting
  3702 | D:11     | Reached ** piety under Okawaru
  3702 | D:11     | Reached skill level 9 in Fighting
  3747 | D:11     | Found a blossoming altar of Fedhas.
  3884 | D:9      | Reached skill level 10 in Fighting
  4008 | D:9      | Found an oddly glowing altar of Pakellas.
  4132 | D:9      | Reached skill level 16 in Axes
  4132 | D:9      | Reached *** piety under Okawaru
  4273 | D:8      | Found Roptufy's Food Shoppe.
  4849 | D:10     | Noticed a gargoyle
  4856 | D:10     | Killed a gargoyle
  4856 | D:10     | Reached skill level 11 in Fighting
  4912 | D:10     | :yeah
  4912 | D:10     | Quit the game

Vault maps used:
D:1:      dpeg_arrival_short_road, moated_statue
D:2:      elyvilon_altar_1, minmay_statues_item, minmay_misc_feat_more_columns,
          uniq_crazy_yiuf_cottage, uniq_terence
D:3:      tgw_trog, kiku_gazebo_garden_becter, lemuel_crystal_altar,
          first_bread, st_stairs_11
D:4:      minmay_wonky_spiral, yredelemnul_forgotten_temple_becter,
          kennysheep_mini, lemuel_round_altar, serial_shops, shop
D:5:      lemuel_castle_with_subvaults
D:6:      old_standard_altar, ashenzari_conservatory_becter,
          grunt_temple_overflow_open
D:8:      serial_shops, nicolae_shop_stone
D:9:      nicolae_overflow_crystal_walls, nicolae_qazlal_general_emergency,
          serial_shops, nicolae_shop_overgrown_old_shop, grunt_livestock
D:11:     lair_0_dummy, fedhas_altar_3, uniq_sonja
D:12:     orc_david_3, basic_altar, nicolae_ru_the_path_less_chosen, uniq_snorg
Temple:   dpeg_three_leaves_temple

Skill      XL: |  1  2  3  4  5  6  7  8  9 10 |
---------------+-------------------------------+-----
Axes           | 3 4 5 7 8 9 11 13 15 16 | 16.1
Fighting       | 7 11 | 11.0
Armour         | |  3.6
Shields        | |  3.6

Action                   |  1- 3 |  4- 6 |  7- 9 | 10-12 || total
-------------------------+-------+-------+-------+-------++-------
Melee: War axe           |    22 |    26 |   115 |       ||   163
       Headbutt          |     7 |     5 |    66 |    30 ||   108
       Battleaxe         |       |       |   197 |   118 ||   315
Invok: Heroism           |       |       |     3 |    11 ||    14
  Use: Potion            |       |     1 |     4 |       ||     5
       Scroll            |       |       |    17 |     5 ||    22
  Eat: Pizza             |       |     1 |       |       ||     1
       Chunk             |       |     1 |     6 |     1 ||     8
       Bread ration      |       |       |     1 |     1 ||     2
Armor: Scale mail        |    10 |     9 |    21 |       ||    40
       Chain mail        |       |       |    81 |       ||    81
       Plate armour      |       |       |    31 |    43 ||    74
Dodge: Dodged            |     9 |     4 |   163 |    77 ||   253
Block: Shield            |     8 |    10 |    62 |       ||    80

Table legend:
 A = Turns spent in this place as a percentage of turns spent in the entire game.
 B = Non-inter-level travel turns spent in this place as a percentage of non-inter-level travel turns spent in the entire game.
 C = Inter-level travel turns spent in this place as a percentage of turns spent in this place.
 D = Turns resting spent in this place as a percentage of non-inter-level travel turns spent in this place.
 E = Turns spent auto-exploring this place as a percentage of non-inter-level travel turns spent in this place.
 F = Non-inter-level travel turns spent in this place divided by the number of levels of this place that you've seen.
                   A       B       C       D       E      F
               +-------+-------+-------+-------+-------+----------------------
         Total | 100.0 | 100.0 |   0.0 |   0.1 |   0.0 | 375.5
       Dungeon |  99.6 |  99.6 |   0.0 |   0.1 |   0.0 | 405.2
        Temple |   0.4 |   0.4 |   0.0 |   0.0 |   0.0 |  18.0
               +-------+-------+-------+-------+-------+----------------------

Table legend:
 A = Kills in this place as a percentage of kills in entire the game.
 B = Kills by you in this place as a percentage of kills by you in the entire game.
 C = Kills by friends in this place as a percentage of kills by friends in the entire game.
 D = Other kills in this place as a percentage of other kills in the entire game.
 E = Experience gained in this place as a percentage of experience gained in the entire game.
 F = Experience gained in this place divided by the number of levels of this place that you have seen.
                   A       B       C       D       E      F
               +-------+-------+-------+-------+-------+----------------------
         Total | 100.0 | 100.0 |  -nan |  -nan | 100.0 | 812.5
       Dungeon | 100.0 | 100.0 |  -nan |  -nan | 100.0 | 880.2
               +-------+-------+-------+-------+-------+----------------------
